 Dungeon Crawl Stone Soup version 0.26-a0-858-gbf766624f9 (webtiles) character file.

Game seed: 12637657774143978850

6990 marklar909 the Slinger (level 11, -2/74 HPs)
             Began as a Halfling Hunter on Nov 24, 2020.
             Was a Priest of Okawaru.
             Slain by a troll (14 damage)
             ... on level 9 of the Dungeon.
             The game lasted 00:16:29 (11722 turns).

marklar909 the Slinger (Halfling Hunter)           Turns: 11722, Time: 00:16:30

Health: -2/74      AC: 18    Str: 15    XL:     11   Next: 28%
Magic:  10/11      EV: 16    Int:  9    God:    Okawaru [***...]
Gold:   576        SH: 13    Dex: 17    Spells: 10/10 levels left

rFire    . . .     SeeInvis .   a - +2 hunting sling
rCold    . . .     Faith    .   r - +2 kite shield
rNeg     . . .     Spirit   .   A - +3 ring mail
rPois    .         Reflect  .   H - +2 hat
rElec    .         Harm     .   k - +2 cloak
rCorr    .         Rampage  .   w - +2 pair of gloves
MR       +....                  (no boots)
Stlth    +++.......             (no amulet)
HPRegen  0.22/turn              G - ring of stealth
MPRegen  0.12/turn              u - ring of protection from magic

@: about to teleport
A: small, mutation resistance 1
a: Heroism, Renounce Religion


You were on level 9 of the Dungeon.
You worshipped Okawaru.
Okawaru was most pleased with you.
You visited 1 branch of the dungeon, and saw 9 of its levels.

You collected 576 gold pieces.

Inventory:

Hand Weapons
 a - a +2 hunting sling (weapon)
 b - a +0 short sword
Missiles
 d - 42 sling bullets
 f - 176 stones (quivered)
Armour
 k - a +2 cloak (worn)
 r - a +2 kite shield (worn)
 w - a +2 pair of gloves (worn)
 A - a +3 ring mail (worn)
 H - a +2 hat (worn)
Jewellery
 g - an uncursed ring of protection from cold
 u - a ring of protection from magic (right hand)
 G - a ring of stealth (left hand)
Wands
 y - a wand of random effects (17)
 B - a wand of iceblast (1)
 E - a wand of polymorph (17)
 F - a wand of disintegration (17)
Scrolls
 i - a scroll of fear
 j - 2 scrolls of amnesia
 l - 5 scrolls of remove curse
 n - a scroll of enchant weapon
 o - 4 scrolls of teleportation
 v - a scroll of magic mapping
 x - a scroll of blinking
 I - a scroll of acquirement {unknown}
 J - 2 scrolls of identify
 K - 2 scrolls of fog {unknown}
 L - a scroll of vulnerability {unknown}
Potions
 c - a potion of flight
 e - a potion of mutation
 h - 3 potions of lignification
 m - 3 potions of curing
 p - 3 potions of resistance {unknown}
 q - 6 potions of haste {unknown}
 s - a potion of invisibility {unknown}
 t - 2 potions of brilliance {unknown}
 z - a potion of heal wounds
 C - 2 potions of magic {unknown}
 D - 2 potions of might {unknown}


   Skills:
 + Level 6.8 Fighting
 + Level 14.2 Slings
 * Level 6.8 Armour
 * Level 7.9 Dodging
 + Level 2.1 Stealth
 * Level 6.8 Shields
 + Level 0.6 Evocations


You had 10 spell levels left.
You didn't know any spells.
Your spell library contained the following spells:

 Spells                   Type           Power        Failure   Level
 Foxfire                  Conj/Fire      #...         95%         1
 Conjure Flame            Conj/Fire      #.......     100%        3
 Inner Flame              Hex/Fire       #.......     100%        3
 Sticky Flame             Conj/Fire      #.......     100%        4
 Fireball                 Conj/Fire      #.........   100%        5


Dungeon Overview and Level Annotations

Branches:
Dungeon (9/15)             Temple (0/1) D:6
   Lair: D:8-11         Orc: D:9-12

Altars:
Ashenzari
Elyvilon
Gozag
Hepliaklqana
Kikubaaqudgha
Makhleb
Okawaru
Ru
Sif Muna
Trog
Uskayaw
Yredelemnul
Zin
The Shining One

Shops:
D:6 :   D:7 *

Annotations:
D:9 2 runed translucent doors


Innate Abilities, Weirdness & Mutations

You are small and have problems with some larger weapons.
You are somewhat resistant to further mutation.


Message History

Press: ? - help, Shift-Dir - straight line, f/p - troll
Aim: a troll (severely wounded)
You shoot a stone. The stone barely misses the troll.
The troll misses you. The troll closely misses you. The troll claws you.
Firing (i - inventory. (/) - cycle)
f - 178 stones (quivered)
Press: ? - help, Shift-Dir - straight line, f/p - troll
Aim: a troll (severely wounded)
You shoot a stone. The stone hits the troll!
The troll is almost dead.
Firing (i - inventory. (/) - cycle)
f - 177 stones (quivered)
Press: ? - help, Shift-Dir - straight line, f/p - troll
Aim: a troll (almost dead)
You shoot a stone. The stone hits the troll.
The troll is almost dead.
You block the troll's attack. The troll completely misses you.
The troll claws you!
* * * LOW HITPOINT WARNING * * *
As you read the scroll of teleportation, it crumbles to dust.
You feel strangely unstable. The troll bites you!
You die...

.# #..>......... ## ..
###............
..###.###..............
...#+#..............##
....................#.
..#.................#.
#.................#.
#.................#.
#(T@...######.....##
.((.(.##'###....#.....#.
(.....#....#....#.....#.
(.... #....#....#.....#.
.... #....#....#.....#.
.. #...####'##.....#{ .
.#####...........#.
.................#.
.................#.


You could see a troll.

Vanquished Creatures
  Harold (D:7)
  A two-headed ogre (D:8)
  Pikel (D:5)
  6 yaks
  A water moccasin (D:5)
  Duvessa (D:5)
  3 orc warriors
  2 black bears
  A phantom (D:9)
  4 ice beasts
  4 sky beasts
  2 centaurs (D:5)
  2 ogres
  A lemure (D:5)
  2 big kobolds
  2 bullfrogs
  2 wyvern skeletons
  Dowan (D:5)
  2 scorpions
  4 killer bees (D:8)
  6 wights
  4 howler monkeys
  5 hounds
  6 orc priests
  2 jellies
  A bullfrog skeleton (D:7)
  2 centaur skeletons
  9 orc wizards
  Ijyb (D:5)
  3 iguanas
  Natasha (thrice) (D:2)
  7 worker ants
  A hound skeleton (D:7)
  Robin (D:2)
  3 worker ant zombies
  9 adders
  3 white imps (D:5)
  5 ufetubi
  2 oozes (D:5)
  An adder zombie (D:5)
  An adder skeleton (D:9)
  2 dart slugs
  2 leopard geckos
  32 orcs
  3 ball pythons
  2 giant cockroaches
  19 goblins
  9 hobgoblins
  26 jackals
  11 kobolds
  2 quokkas
  10 bats
  6 frilled lizards
  A quokka skeleton (D:8)
  8 rats
251 creatures vanquished.

Notes
Turn   | Place    | Note
-------+----------+-------------------------------------------
     0 | D:1      | marklar909 the Halfling Hunter began the quest for the Orb.
     0 | D:1      | Reached XP level 1. HP: 14/14 MP: 1/1
    15 | D:1      | Reached skill level 6 in Slings
   100 | D:1      | Reached XP level 2. HP: 19/19 MP: 2/2
   553 | D:1      | Reached XP level 3. HP: 24/24 MP: 3/3
   967 | D:2      | Reached skill level 7 in Slings
  1053 | D:2      | Reached skill level 1 in Armour
  1273 | D:2      | Noticed Natasha
  1279 | D:2      | Killed Natasha
  1280 | D:2      | Reached XP level 4. HP: 29/29 MP: 4/4
  1403 | D:2      | Noticed Natasha
  1411 | D:2      | Killed Natasha
  1412 | D:2      | Reached XP level 5. HP: 34/34 MP: 5/5
  1449 | D:2      | Noticed Robin
  1500 | D:2      | Noticed Natasha
  1504 | D:2      | Killed Natasha
  1505 | D:2      | Reached skill level 8 in Slings
  1616 | D:2      | Killed Robin
  2065 | D:3      | Noticed an ogre
  2076 | D:3      | Killed an ogre
  2077 | D:3      | Reached skill level 9 in Slings
  2077 | D:3      | Reached XP level 6. HP: 26/41 MP: 6/6
  2435 | D:3      | Found an opulent altar of Gozag.
  2443 | D:3      | Found a shimmering blue altar of Sif Muna.
  3285 | D:4      | Found a bloodstained altar of Trog.
  3285 | D:4      | Found a glowing golden altar of the Shining One.
  3288 | D:4      | Found an ancient bone altar of Kikubaaqudgha.
  3966 | D:5      | Entered Level 5 of the Dungeon
  3975 | D:5      | Noticed Ijyb
  3982 | D:5      | Killed Ijyb
  3983 | D:5      | Reached XP level 7. HP: 45/45 MP: 7/7
  4020 | D:5      | Reached skill level 1 in Shields
  4192 | D:5      | Noticed a water moccasin
  4205 | D:5      | Killed a water moccasin
  4206 | D:5      | Reached skill level 10 in Slings
  4210 | D:5      | HP: 2/46 [poisoned by a water moccasin]
  4454 | D:5      | Identified the cursed +1 quarterstaff of Fixation {chaos,
                  | rF++ Str+4 Stlth-}
  4557 | D:5      | Reached XP level 8. HP: 52/52 MP: 8/8
  4878 | D:5      | Reached skill level 11 in Slings
  5093 | D:5      | Noticed Pikel
  5113 | D:5      | Killed Pikel
  5114 | D:5      | Reached XP level 9. HP: 54/58 MP: 9/9
  5119 | D:5      | Noticed Dowan
  5125 | D:5      | Killed Dowan
  5127 | D:5      | Noticed Duvessa
  5140 | D:5      | Killed Duvessa
  5141 | D:5      | Reached skill level 12 in Slings
  5751 | D:6      | Found an iron altar of Okawaru.
  5766 | D:6      | Found Wakh's Book Emporium.
  5783 | D:6      | Became a worshipper of Warmaster Okawaru
  5840 | D:6      | Reached skill level 5 in Dodging
  6109 | D:6      | Found a staircase to the Ecumenical Temple.
  6178 | D:6      | Found a white marble altar of Elyvilon.
  6520 | D:5      | Found a broken altar of Ashenzari.
  7469 | D:7      | Found a basalt altar of Yredelemnul.
  7471 | D:7      | Found a burning altar of Makhleb.
  7471 | D:7      | Found Topp's Lightly-Used Armoury.
  7475 | D:7      | Found a white marble altar of Elyvilon.
  7477 | D:7      | Noticed Harold
  7488 | D:7      | Reached * piety under Okawaru
  7506 | D:7      | Reached skill level 5 in Fighting
  7512 | D:7      | Killed Harold
  7513 | D:7      | Reached skill level 13 in Slings
  7513 | D:7      | Reached skill level 5 in Armour
  7513 | D:7      | Reached XP level 10. HP: 29/66 MP: 8/10
  7898 | D:7      | Found an opulent altar of Gozag.
  8463 | D:7      | Found a glowing silver altar of Zin.
  8463 | D:7      | Found a hide-covered altar of Uskayaw.
  8466 | D:7      | Found a hazy altar of Hepliaklqana.
  9532 | D:8      | Reached skill level 5 in Shields
  9766 | D:9      | Found a sacrificial altar of Ru.
  9848 | D:9      | Reached ** piety under Okawaru
  9856 | D:9      | Noticed a two-headed ogre
 10140 | D:9      | Found a runed translucent door.
 10149 | D:9      | Found a runed translucent door.
 10216 | D:8      | Killed a two-headed ogre
 10216 | D:8      | Reached *** piety under Okawaru
 10217 | D:8      | Reached XP level 11. HP: 48/73 MP: 11/11
 10561 | D:9      | Reached skill level 14 in Slings
 11081 | D:8      | Received a gift from Okawaru
 11722 | D:9      | Slain by a troll

Illustrated notes

Levels and vault maps discovered:
D:1:      psy_arrival_dodecagon, layout_loops_ring
D:2:      layout_basic, corexii_corridor_pit, uniq_robin, uniq_natasha
D:3:      layout_basic, chequers_temple_overflow_statue_of_worship
D:4:      layout_cave_pods, grunt_temple_overflow_open
D:5:      minmay_octagon_keep, layout_loops_cross, old_standard_altar,
          uniq_duvessa, uniq_ijyb, uniq_pikel
D:6:      layout_layer_cave, minmay_temple_entry_fiery, basic_altar,
          serial_shops, kennysheep_mini, elyvilon_altar_1
D:7:      layout_basic, minitemple, minmay_shop_damaged,
          grunt_gozag_breadcrumbs, uniq_harold
D:8:      layout_loops_ring
D:9:      layout_gridville, overflow_temple_1_default,
          minmay_statue_crystal_thing

Skill      XL: |  1  2  3  4  5  6  7  8  9 10 11 |
---------------+----------------------------------+-----
Slings         | 6 7 9 10 11 13 14 | 14.2
Armour         | 1 2 3 4 5 6 |  6.8
Fighting       | 2 3 4 5 6 |  6.8
Dodging        | 3 4 6 7 |  7.9
Shields        | 2 3 4 5 6 |  6.8
Stealth        | 2 |  2.1
Evocations     | |  0.6

Action                   |  1- 3 |  4- 6 |  7- 9 | 10-12 || total
-------------------------+-------+-------+-------+-------++-------
 Fire: Hunting sling     |    82 |   223 |   395 |   688 ||  1388
Invok: Heroism           |       |       |     1 |     1 ||     2
Evoke: Wand              |       |       |     6 |       ||     6
  Use: Scroll            |     1 |     5 |     7 |     6 ||    19
       Potion            |       |       |     1 |       ||     1
Armor: Leather armour    |     6 |     5 |       |       ||    11
       Ring mail         |       |     2 |    26 |    63 ||    91
Dodge: Dodged            |    17 |    41 |    50 |   138 ||   246
Block: Kite shield       |       |    16 |    65 |   206 ||   287

Table legend: (Time is in decaauts)
 A = Elapsed time spent in this place.
 B = Non-inter-level travel time spent in this place.
 C = Inter-level travel time spent in this place.
 D = Time resting spent in this place.
 E = Time spent auto-exploring this place.
 F = Levels seen in this place.
 G = Mean time per level.
                   A        B        C        D        E       F      G
               +--------+--------+--------+--------+--------+-----+--------+
         Total |  11331 |  10342 |    989 |   1118 |   7411 |   9 | 1259.0 |
       Dungeon |  11331 |  10342 |    989 |   1118 |   7411 |   9 | 1259.0 |
               +--------+--------+--------+--------+--------+-----+--------+

Top non-repeatable levels by time:
     D:5: 1985 daAuts
     D:8: 1465 daAuts
     D:7: 1431 daAuts
     D:9: 1330 daAuts
     D:2: 1327 daAuts
     D:3: 1209 daAuts
     D:6: 958 daAuts
     D:4: 850 daAuts
     D:1: 774 daAuts
